AoeStats
← Coneishon

Lombardia

509269945Analyzed
2v2 RM · 7d ago on Sep 26, 2026· 50m 19s· 4 players
Game mode
Random Map
Map size
Medium (4 player)
Population
200
Speed
Normal
Resources
Standard
Victory
Conquest
Starting age
Dark Age
Ending age
Imperial Age
RankedLock teamsTeams togetherTeam positionsShared explorationLock speedFull tech treeHidden civsTurbo modeCheats
Victory
Defeat
🇦🇷 Varangians · Argentina
1256
+13
🇦🇷 Britons · Argentina
1237
+14
🇦🇺 Wu · Australia
1200
-13
🇺🇸 Saxons · United States
1200
-14
BigPharmA
8:31 Loom
12:08 Feudal Age
12:42 Double-Bit Axe
12:42 Horse Collar
16:20 Wheelbarrow
the black fella
3:48 Loom
12:22 Feudal Age
12:58 Double-Bit Axe
13:00 Horse Collar
19:59 Castle Age
23:07 Fletching
25:03 Gold Mining
25:19 Squires
26:15 Heavy Plow
30:12 Wheelbarrow
29:32 Stone Mining
30:13 Bodkin Arrow
32:01 Padded Archer Armor
32:51 Gold Shaft Mining
33:11 Hand Cart
34:05 Leather Archer Armor
33:24 Pikeman
34:30 Scale Mail Armor
34:21 Town Watch
35:49 Chain Mail Armor
38:42 Forging
39:39 Bow Saw
41:35 Ballistics
43:08 Murder Holes
46:59 Imperial Age
45:21 Masonry
47:03 Onager
48:09 Conscription
Coneishon
6:27 Loom
9:06 Feudal Age
14:04 Fletching
23:15 Castle Age
22:11 Gold Mining
22:07 Double-Bit Axe
24:29 Crossbowman
26:12 Wheelbarrow
26:40 Bow Saw
27:28 Gold Shaft Mining
31:51 Town Watch
33:42 Hand Cart
33:59 Bodkin Arrow
34:20 Horse Collar
40:39 Imperial Age
38:11 Town Patrol
38:23 Padded Archer Armor
38:51 Heavy Plow
38:43 Stone Mining
39:42 Leather Archer Armor
40:35 Ballistics
40:51 Arbalester
41:34 Bracer
42:40 Two-Man Saw
42:34 Ring Archer Armor
43:22 Chemistry
AgusssMetall
5:16 Loom
8:59 Feudal Age
17:58 Castle Age
16:20 Double-Bit Axe
18:09 Horse Collar
20:18 Stone Mining
25:34 Wheelbarrow
26:51 Gold Mining
27:04 Heavy Plow
28:54 Forging
29:57 Husbandry
30:07 Bloodlines
32:19 Bloodlines
32:30 Hand Cart
33:30 Bow Saw
37:24 Imperial Age
36:40 Scale Barding Armor
37:11 Iron Casting
37:28 Squires
37:52 Chain Barding Armor
37:37 Cavalier
38:44 Conscription
38:56 Elite Jarl
40:54 Blast Furnace
40:44 Plate Barding Armor
42:22 Crop Rotation
42:03 Town Watch
43:50 Town Patrol
Connection lost

Rejoining the realm…

Still unreachable

The connection could not be restored.

Session expired

The server has moved on; the page needs a fresh start.